 Dungeon Crawl Stone Soup version 0.19.5 (webtiles) character file.

122 miragecloak the Poker (level 5, -1/41 HPs)
             Began as a Merfolk Abyssal Knight on May 9, 2017.
             Was a Believer of Lugonu.
             Killed from afar by Natasha (11 damage)
             ... with a magic dart
             ... on level 3 of the Dungeon.
             The game lasted 00:02:02 (1703 turns).

miragecloak the Poker (Merfolk Abyssal Knight)      Turns: 1703, Time: 00:02:03

Health: -1/41      AC:  3    Str: 12    XL:     5   Next: 6%
Magic:  6/6        EV: 12    Int: 11    God:    Lugonu [**....]
Gold:   78         SH:  0    Dex: 15    Spells: 0 memorised, 4 levels left

rFire  . . .     SeeInvis .     a - +1 spear
rCold  . . .     Gourm    .     b - +0 leather armour
rNeg   . . .     Faith    .     (no shield)
rPois  .         Spirit   .     (no helmet)
rElec  .         Reflect  .     (no cloak)
rCorr  .         Harm     .     (no gloves)
MR     .....                    (no boots)
Stlth  +.........               (no amulet)
                                (no ring)
                                (no ring)

@: no status effects
A: change form in water, swift swim, stealthy swim
a: Depart the Abyss, Bend Space, Renounce Religion


You were on level 3 of the Dungeon.
You worshipped Lugonu.
Lugonu was pleased with you.
You were not hungry.

You visited 1 branch of the dungeon, and saw 3 of its levels.
You visited the Abyss 1 time.

You collected 78 gold pieces.

Inventory:

Hand Weapons
 a - a +1 spear (weapon)
Armour
 b - a +0 leather armour (worn)
Scrolls
 e - 2 scrolls of identify {unknown}
 f - a scroll of fear {unknown}
 j - 2 scrolls of teleportation {unknown}
Potions
 d - a potion of might {unknown}
 g - 2 potions of degeneration {unknown}
 h - a potion of magic {unknown}
 k - a potion of agility {unknown}
 l - a potion of curing {unknown}
Comestibles
 c - 2 bread rations
 i - a slice of pizza
 m - a chunk of flesh


   Skills:
 - Level 3.2 Fighting
 + Level 7.4 Polearms
 - Level 0.6 Armour
 - Level 2.6 Dodging
 - Level 2.0 Invocations


You had 4 spell levels left.
You didn't know any spells.

Dungeon Overview and Level Annotations

Branches:
Dungeon (3/15)

Altars:
Cheibriados
Fedhas
Ru

Annotations:
D:2 Sigmund


Message History

* * * LOW HITPOINT WARNING * * *
You closely miss Natasha.
Natasha is almost dead.
The crimson imp blinks! x2; Natasha claws you.
* * * LOW HITPOINT WARNING * * *
You hit Natasha.
You kill Natasha!
Lugonu accepts your kill.
Natasha screams in fury as she dies!
The crimson imp disappears in a puff of smoke!
The iron imp disappears in a puff of smoke!
The crimson imp disappears in a puff of smoke!
Your Polearms skill increases to level 7!
You have reached level 5!
You feel agile.
You start resting.
Natasha, Servant of Life and Death comes into view.
Natasha stares at you and mumbles some strange words.
The magic dart hits you!
You die...

# #### ##### ...####
########.....# ......#
#####.............
.###.####.........##......
.##.......##....@..# #####
.8###.######.......#
.##....#.>.≈.......#
.##.......(≈≈≈≈...##
.##.......[.≈_≈....#
.8#........≈≈≈≈...##
.########..≈...≈..#
.##8###8#h........#
...................


You could see Natasha.

Vanquished Creatures
  Natasha (twice) (D:3)
  3 worms (D:2)
  2 dart slugs
  3 leopard geckos
  3 orcs (D:3)
  4 bats
  6 giant cockroaches
  4 goblins
  11 hobgoblins
  6 kobolds (D:1)
  A quokka (D:2)
  5 frilled lizards (D:1)
  3 rats
53 creatures vanquished.

Notes
Turn   | Place    | Note
-------+----------+-------------------------------------------
     0 | Abyss:1  | miragecloak the Merfolk Abyssal Knight began the quest for the Orb.
     0 | Abyss:1  | Reached XP level 1. HP: 18/18 MP: 2/2
    38 | Abyss:1  | Noticed a wretched star
    38 | D:1      | Escaped the Abyss
    84 | D:1      | Reached * piety under Lugonu
   109 | D:1      | Reached skill level 4 in Polearms
   109 | D:1      | Reached XP level 2. HP: 23/24 MP: 3/3
   327 | D:1      | Reached XP level 3. HP: 27/29 MP: 4/4
   426 | D:1      | Reached skill level 5 in Polearms
   957 | D:2      | Reached ** piety under Lugonu
  1210 | D:2      | Reached skill level 6 in Polearms
  1242 | D:2      | Found a snail-covered altar of Cheibriados.
  1247 | D:2      | Reached XP level 4. HP: 34/35 MP: 5/5
  1301 | D:2      | Found a sacrificial altar of Ru.
  1384 | D:2      | Noticed Sigmund
  1575 | D:3      | Found a blossoming altar of Fedhas.
  1615 | D:3      | Noticed Natasha
  1623 | D:3      | Killed Natasha
  1649 | D:3      | Noticed Natasha
  1665 | D:3      | Killed Natasha
  1665 | D:3      | Reached skill level 7 in Polearms
  1665 | D:3      | Reached XP level 5. HP: 5/41 MP: 6/6
  1703 | D:3      | Killed from afar by Natasha

Skill      XL: |  1  2  3  4 |
---------------+-------------+-----
Polearms       | 4 6 7 |  7.4
Fighting       | |  3.2
Armour         | |  0.6
Dodging        | |  2.6
Invocations    | |  2.0

Action                   |  1- 3 |  4- 6 || total
-------------------------+-------+-------++-------
Melee: Spear             |   146 |    60 ||   206
Invok: Depart the Abyss  |     1 |       ||     1
  Eat: Chunk             |     1 |     2 ||     3
Armor: Leather armour    |    17 |     6 ||    23
Dodge: Dodged            |    53 |    20 ||    73
